 Dungeon Crawl Stone Soup version 0.30-a0-272-gf98c3da03f (webtiles) character file.

Game seed: 6986353602940237478

67 ReploidZero the Shooter (level 4, -1/27 HPs)
             Began as a Tengu Hunter on Oct 15, 2022.
             Slain by a worm (3 damage)
             ... on level 2 of the Dungeon.
             The game lasted 00:01:14 (828 turns).

ReploidZero the Shooter (Tengu Hunter)               Turns: 828, Time: 00:01:15

Health: -1/27      AC:  3    Str: 11    XL:     4   Next: 18%
Magic:  5/5        EV: 10    Int:  9    God:
Gold:   23         SH:  0    Dex: 20    Spells: 3/3 levels left

rFire   . . .      SeeInvis .    a - +0 shortbow
rCold   . . .      Faith    .    (shield currently unavailable)
rNeg    . . .      Spirit   .    c - +0 leather armour
rPois   .          Reflect  .    (helmet restricted)
rElec   .          Harm     .    (no cloak)
rCorr   .          Rampage  .    (no gloves)
Will    .....                    (boots unavailable)
Stlth   ++........               (no amulet)
HPRegen 0.24/turn                (no ring)
MPRegen 0.09/turn                (no ring)

@: constricted
A: beak, talons 3
a: no special abilities


You were on level 2 of the Dungeon.
You visited 1 branch of the dungeon, and saw 2 of its levels.

You collected 23 gold pieces.

Inventory:

Hand Weapons
 a - a +0 shortbow (weapon)
Armour
 c - a +0 leather armour (worn)
Scrolls
 b - 2 scrolls of immolation
 d - a scroll of summoning {unknown}
 h - a scroll of noise {unknown}
Potions
 e - a potion of resistance {unknown}
 f - a potion of mutation {unknown}
 g - a potion of degeneration {unknown}


   Skills:
 + Level 2.9 Fighting
 + Level 5.0 Ranged Weapons
 + Level 3.2 Dodging
 - Level 1.0 Stealth


You had 3 spell levels left.
You didn't know any spells.
Your spell library was empty.

Dungeon Overview and Level Annotations

Branches:
Dungeon (2/15)

Altars:


Innate Abilities, Weirdness & Mutations

You have a beak for a mouth.
You have claws for feet.


Message History

You shoot an arrow.
The arrow barely misses the ball python.
Jessica casts a spell at you. You resist with some effort.
The ball python closely misses you. The ball python constricts you.
Jessica casts a spell.
Jessica blinks!
The ball python closely misses you. The ball python constricts you.
A worm comes into view.
You shoot an arrow.
The arrow barely misses the ball python.
Jessica casts a spell at you. Pain shoots through your body!
The ball python barely misses you. The ball python constricts you.
Jessica barely misses you. The ball python barely misses you.
The ball python constricts you.
Unknown command.
You shoot an arrow.
The arrow completely misses the ball python.
Jessica closely misses you. The ball python barely misses you.
The ball python constricts you. Jessica closely misses you.
The ball python bites you but does no damage.
The ball python constricts you. Jessica barely misses you.
The ball python bites you. The ball python constricts you.
You are too injured to fight recklessly!
Unknown command.
You are too injured to fight recklessly!
You shoot an arrow. The arrow hits Jessica.
You kill Jessica!
You feel yourself speed up.
The ball python bites you but does no damage.
The ball python constricts you. The worm bites you!
* * * LOW HITPOINT WARNING * * *
The ball python barely misses you. The ball python constricts you.
Your Ranged Weapons skill increases to level 5!
You have reached level 4!
You feel agile.
The ball python's grasp on you weakens, but your attempt to escape fails.
The ball python bites you but does no damage.
The ball python constricts you. The worm bites you.
You die...

#... ..#..
####.#....
....#....
...#.#..
..#.#.#
..####.#.#†#
###
......w#S#.#
#<#
.......@.#.##
#.#
..####.)....##
#@# #.#)....#
#.# ...
#.#.....## #.#
....
#.#......# #.#
.....
#.#...)..# #.#
......
#.#......###.#
.......
#.#........#.#
........
#........#.##
.


You could see a worm and a ball python.

Vanquished Creatures
  Jessica (D:2)
  A dart slug (D:2)
  A ball python (D:1)
  3 endoplasms (D:1)
  3 giant cockroaches (D:1)
  7 goblins
  3 hobgoblins (D:1)
  7 jackals (D:1)
  3 quokkas
  A kobold (D:1)
  A rat (D:1)
31 creatures vanquished.

Notes
Turn   | Place    | Note
-------+----------+-------------------------------------------
     0 | D:1      | ReploidZero the Tengu Hunter began the quest for the Orb.
     0 | D:1      | Reached XP level 1. HP: 12/12 MP: 2/2
    46 | D:1      | Reached XP level 2. HP: 17/17 MP: 3/3
   283 | D:1      | Reached XP level 3. HP: 22/22 MP: 4/4
   626 | D:2      | Noticed Jessica
   827 | D:2      | Killed Jessica
   828 | D:2      | Reached skill level 5 in Ranged Weapons
   828 | D:2      | Reached XP level 4. HP: 2/27 MP: 5/5
   828 | D:2      | Slain by a worm

Illustrated notes

Levels and vault maps discovered:
D:1:      tarquinn_simple_flora_water_e, layout_loops_ring
D:2:      layout_basic, uniq_jessica, uniq_crazy_yiuf_cottage

Skill      XL: |  1  2  3 |
---------------+----------+-----
Dodging        | 3 |  3.2
Ranged Weapons | 5 |  5.0
Fighting       | |  2.9
Stealth        | |  1.0

Action                   |  1- 3 |  4- 6 || total
-------------------------+-------+-------++-------
 Fire: Shortbow          |    77 |       ||    77
Armor: Leather armour    |    13 |     1 ||    14
Dodge: Dodged            |    26 |       ||    26

Table legend: (Time is in decaauts)
 A = Elapsed time spent in this place.
 B = Non-inter-level travel time spent in this place.
 C = Inter-level travel time spent in this place.
 D = Time resting spent in this place.
 E = Time spent auto-exploring this place.
 F = Levels seen in this place.
 G = Mean time per level.
                   A        B        C        D        E       F      G
               +--------+--------+--------+--------+--------+-----+--------+
         Total |    862 |    810 |     52 |      0 |    649 |   2 |  431.0 |
       Dungeon |    862 |    810 |     52 |      0 |    649 |   2 |  431.0 |
               +--------+--------+--------+--------+--------+-----+--------+

Top non-repeatable levels by time:
     D:1: 744 daAuts
     D:2: 118 daAuts
